 Dungeon Crawl Stone Soup version 0.26-a0-34-g9e0bf03 (webtiles) character file.

Game seed: 4394430316947296219, levelgen mode: deterministic

1309 Faca the Slinger (level 8, -26/56 HPs)
             Began as a Halfling Hunter on May 29, 2020.
             Was an Initiate of Okawaru.
             Killed from afar by Maggie (34 damage)
             ... with a bolt of fire
             ... on level 6 of the Dungeon.
             The game lasted 00:11:46 (7113 turns).

Faca the Slinger (Halfling Hunter)                  Turns: 7113, Time: 00:11:47

Health: -26/56     AC:  6    Str: 17    XL:     8   Next: 88%
Magic:  8/8        EV: 14    Int:  9    God:    Okawaru [......]
Gold:   317        SH:  6    Dex: 15    Spells: 7/7 levels left

rFire    . . .     SeeInvis .   q - +0 dagger (venom)
rCold    . . .     Gourm    .   m - +2 buckler
rNeg     . . .     Faith    .   g - +1 robe of the Tick {Regen+ rCorr Str+2} (curse)
rPois    .         Spirit   .   (no helmet)
rElec    .         Reflect  .   (no cloak)
rCorr    +         Harm     .   k - +2 pair of gloves
MR       .....                  (no boots)
Stlth    ++........             (no amulet)
HPRegen  0.58/turn              (no ring)
MPRegen  0.11/turn              (no ring)

@: no status effects
A: small, mutation resistance 1
a: Renounce Religion


You were on level 6 of the Dungeon.
You worshipped Okawaru.
Okawaru was noncommittal.
You were not hungry.

You visited 2 branches of the dungeon, and saw 8 of its levels.

You collected 317 gold pieces.

Inventory:

Hand Weapons
 a - a +2 hunting sling
 q - a +0 dagger of venom (weapon)
Missiles
 d - 58 sling bullets
 i - 192 stones (quivered)
Armour
 g - the cursed +1 robe of the Tick (worn) {Regen+ rCorr Str+2}
   (You found it on level 5 of the Dungeon)

   It affects your strength (+2).
   It increases your rate of regeneration.
   It provides partial protection from all sources of acid and corrosion.
   It has a curse placed upon it.
 k - a +2 pair of gloves (worn)
 m - a +2 buckler (worn)
Wands
 o - a wand of acid (6)
Scrolls
 e - 4 scrolls of remove curse
 n - 2 scrolls of teleportation
Potions
 c - 2 potions of brilliance {unknown}
 h - 5 potions of curing {unknown}
 l - 2 potions of might
 p - a potion of lignification {unknown}
 r - 2 potions of berserk rage {unknown}
 t - a potion of mutation {unknown}
 u - a potion of degeneration {unknown}
Comestibles
 f - 9 rations
 j - 2 chunks of flesh


   Skills:
 + Level 5.6 Fighting
 + Level 6.8 Short Blades
 + Level 10.1 Slings
 - Level 2.1 Dodging
 - Level 1.1 Stealth


You had 7 spell levels left.
You didn't know any spells.
Your spell library contained the following spells:

 Spells                   Type           Power        Failure   Level  Hunger
 Summon Small Mammal      Summ           #...         56%         1    ##.....
 Call Imp                 Summ           #.......     71%         2    ###....
 Call Canine Familiar     Summ           #.......     90%         3    ####...
 Confusing Touch          Hex            #.......     90%         3    ####...
 Gell's Gravitas          Tloc           #.........   90%         3    ####...
 Summon Guardian Golem    Hex/Summ       #.......     90%         3    ####...
 Petrify                  Tmut/Erth      #.......     100%        4    #####..
 Summon Ice Beast         Ice/Summ       #.......     100%        4    #####..
 Summon Lightning Spire   Summ/Air       #.......     100%        4    #####..
 Metabolic Englaciation   Hex/Ice        #.........   100%        5    ######.
 Yara's Violent Unravell  Hex/Tmut       #.........   100%        5    ######.


Dungeon Overview and Level Annotations

Branches:
Dungeon (7/15)             Temple (1/1) D:6

Altars:
Ashenzari
Cheibriados
Elyvilon
Fedhas
Gozag
Kikubaaqudgha
Okawaru
Qazlal
Wu Jian
Yredelemnul
The Shining One

Shops:
D:5 *

Annotations:
D:6 Maggie


Innate Abilities, Weirdness & Mutations

You are small and have problems with some larger weapons.
You are somewhat resistant to further mutation.


Message History

You break out of your daze.
Maggie barely misses you.
You barely miss Maggie.
Maggie is severely wounded.
You closely miss Maggie.
Maggie is severely wounded.
Maggie mumbles the words to a spell, but in the wrong order.
Maggie points at you and mumbles some strange words.
The bolt of fire hits you!!
* * * LOW HITPOINT WARNING * * *
You closely miss Maggie.
Maggie is severely wounded.
Maggie casts a spell.
Maggie attempts to bespell you! You resist.
Maggie zaps a wand.
The puff of flame hits you!
* * * LOW HITPOINT WARNING * * *
Maggie gestures at you while chanting. The bolt of fire hits you!!
Ouch! That really hurt!
You die...

#.####.....#
#.#........#
#.#.##.....#
#.#.##.....#
#.#.####.### #.#@#
#.# #(#.# #.#
#.#.####.#
######.#.@.##.#
#......###.##.#
#.###### #.##.# #.#
#.##.# #.# #[##.#
#.# ###.##.#
####.#### #...##.##
####### #.......#
#.####..#####......
#.......# #.#
##.#.......###


You could see Maggie (very poisoned).

Vanquished Creatures
  Edmund (D:4)
  Menkaure (D:5)
  A phantom (D:5)
  4 ogres
  A gnoll sergeant (D:5)
  A howler monkey (D:5)
  A jelly (D:5)
  3 orc wizards
  An orc priest (D:4)
  7 worker ants
  A killer bee zombie (D:6)
  A hound skeleton (D:5)
  3 gnolls (D:5)
  5 adders
  An adder skeleton (D:5)
  2 worms (D:3)
  4 dart slugs
  4 leopard geckos
  20 orcs
  2 giant cockroaches
  9 goblins
  8 hobgoblins
  7 jackals
  4 kobolds
  3 quokkas
  2 ball pythons
  11 bats
  4 frilled lizards
  A leopard gecko skeleton (D:6)
  A quokka skeleton (D:5)
  5 rats
119 creatures vanquished.

Notes
Turn   | Place    | Note
-------+----------+-------------------------------------------
     0 | D:1      | Faca the Halfling Hunter began the quest for the Orb.
     0 | D:1      | Reached XP level 1. HP: 14/14 MP: 1/1
    75 | D:1      | Reached skill level 6 in Slings
    98 | D:1      | Reached XP level 2. HP: 18/19 MP: 2/2
   153 | D:1      | Reached skill level 1 in Short Blades
   675 | D:1      | Reached XP level 3. HP: 24/24 MP: 3/3
  1483 | D:2      | Found a shattered altar of Ashenzari.
  1483 | D:2      | Found an ornate altar of the Wu Jian Council.
  1603 | D:2      | Reached XP level 4. HP: 30/30 MP: 4/4
  2713 | D:3      | Reached XP level 5. HP: 36/36 MP: 5/5
  2972 | D:3      | Reached skill level 7 in Slings
  3115 | D:4      | Noticed Edmund
  3193 | D:4      | Killed Edmund
  3193 | D:4      | Reached XP level 6. HP: 9/42 MP: 6/6
  4326 | D:4      | Reached skill level 8 in Slings
  4367 | D:4      | Reached XP level 7. HP: 43/47 MP: 7/7
  5072 | D:5      | Entered Level 5 of the Dungeon
  5304 | D:5      | Reached skill level 5 in Short Blades
  5312 | D:5      | Got a distressingly furry robe
  5357 | D:5      | Identified the cursed +1 robe of the Tick {Regen+ rCorr
                  | Str+2} (You found it on level 5 of the Dungeon)
  5446 | D:5      | Noticed Menkaure
  5539 | D:5      | Killed Menkaure
  5539 | D:5      | Reached skill level 9 in Slings
  5539 | D:5      | Reached XP level 8. HP: 26/54 MP: 8/8
  5697 | D:5      | Found Arirudoh's General Store.
  5819 | D:5      | Reached skill level 5 in Fighting
  6386 | D:6      | Found an iron altar of Okawaru.
  6397 | D:6      | Became a worshipper of Warmaster Okawaru
  6485 | D:6      | Found a blossoming altar of Fedhas.
  6544 | D:6      | Reached skill level 10 in Slings
  6675 | D:6      | Found a staircase to the Ecumenical Temple.
  6696 | Temple   | Entered the Ecumenical Temple
  6854 | D:6      | Found a basalt altar of Yredelemnul.
  7075 | D:7      | Noticed Maggie
  7113 | D:6      | Killed from afar by Maggie

Illustrated notes

Levels and vault maps discovered:
D:1:      lightli_arrival_maybe_door_vault, layout_loops_ring
D:2:      layout_loops_ring, amethyst_overflow_temple_binary
D:3:      layout_loops_cross, first_ration, minmay_stone_trees_small,
          kennysheep_generic_room_13
D:4:      layout_gridville, uniq_edmund
D:5:      layout_loops_ring, serial_shops, nicolae_shop_window_shopping,
          lightli_minifort, uniq_menkaure
D:6:      layout_loops_ring, fedhas_altar_1, overflow_temple_1_default,
          temple_fountains, okawaru_gym_becter
D:7:      kennysheep_windowed_halls, layout_rooms, nicolae_ru_awakened_eye,
          nemelex_altar_shiori, basic_altar, serial_shops,
          nicolae_shop_waterfront, uniq_crazy_yiuf_cottage, uniq_pikel,
          uniq_maggie
Temple:   minmay_temple_bridge_abc

Skill      XL: |  1  2  3  4  5  6  7  8 |
---------------+-------------------------+-----
Fighting       | 2 3 4 5 |  5.6
Slings         | 6 7 8 9 10 | 10.1
Short Blades   | 1 2 3 4 5 6 |  6.8
Dodging        | |  2.1
Stealth        | |  1.1

Action                   |  1- 3 |  4- 6 |  7- 9 || total
-------------------------+-------+-------+-------++-------
Melee: Short sword       |   160 |   152 |       ||   312
       Dagger            |       |    43 |   221 ||   264
 Fire: Hunting sling     |     2 |    87 |    56 ||   145
  Use: Scroll            |     3 |     2 |     5 ||    10
       Potion            |       |     2 |       ||     2
 Stab: Sleeping          |     2 |     1 |     2 ||     5
  Eat: Chunk             |     2 |     9 |     9 ||    20
Armor: Leather armour    |    43 |    10 |       ||    53
       Ring mail         |       |    41 |    13 ||    54
       Robe              |       |       |    20 ||    20
Dodge: Dodged            |   142 |   165 |   103 ||   410
Block: Buckler           |       |       |    20 ||    20

Table legend:
 A = Non-vault XP
 B = Vault XP
 C = Vault XP percentage of total XP
 D = Non-vault monster count
 E = Vault monster count
 F = Vault count percentage of total count
                 A         B        C        D         E       F
            +---------+---------+-------+---------+---------+-------
      Total |    1410 |     460 |  24.6 |     113 |       6 |   5.0
            +---------+---------+-------+---------+---------+-------
        D:1 |      53 |       0 |   0.0 |      30 |       0 |   0.0
        D:2 |      36 |       0 |   0.0 |      13 |       0 |   0.0
        D:3 |      69 |       0 |   0.0 |      24 |       0 |   0.0
        D:4 |     380 |     173 |  31.3 |      19 |       1 |   5.0
        D:5 |     562 |     287 |  33.8 |      12 |       5 |  29.4
        D:6 |     310 |       0 |   0.0 |      15 |       0 |   0.0
            +---------+---------+-------+---------+---------+-------
